 Dungeon Crawl Stone Soup version 0.25.1-2-g60ff931df9 (webtiles) character file.

Game seed: 12258020413779595879

673 Ceroxylon the Stinger (level 7, 0/59 HPs)
             Began as a Yellow Draconian Venom Mage on Sept 4, 2020.
             Slain by Pikel
             ... wielding a +1 whip of freezing
              (9 damage)
             ... on level 4 of the Dungeon.
             The game lasted 00:54:18 (5319 turns).

Ceroxylon the Stinger (Yellow Draconian Venom Mage) Turns: 5319, Time: 00:54:19

Health: 0/59       AC:  7    Str: 11    XL:     7   Next: 33%
Magic:  9/12       EV: 12    Int: 16    God:
Gold:   107        SH:  0    Dex: 12    Spells: 12/13 levels left

rFire    . . .     SeeInvis .   d - +0 spear
rCold    . . .     Gourm    .   (no shield)
rNeg     . . .     Faith    .   (armour unavailable)
rPois    .         Spirit   .   (helmet restricted)
rElec    .         Reflect  .   (no cloak)
rCorr    +         Harm     .   f - +0 pair of gloves
MR       .....                  (no boots)
Stlth    ++........             (no amulet)
HPRegen  0.19/turn              (no ring)
MPRegen  0.13/turn              (no ring)

@: flying, slowed, very slow
A: spit acid, unfitting armour, big wings, hooves 1, cold-blooded, acid
resistance, AC +6
a: Breathe Acid, Fly


You were on level 4 of the Dungeon.
You were not hungry.

You visited 1 branch of the dungeon, and saw 4 of its levels.

You collected 107 gold pieces.

Inventory:

Hand Weapons
 d - a +0 spear (weapon)
Missiles
 u - 2 boomerangs (quivered)
Armour
 f - a +0 pair of gloves (worn)
 s - a +0 animal skin
Jewellery
 v - a +6 ring of intelligence {unknown}
Scrolls
 c - 3 scrolls of identify {unknown}
 g - 3 scrolls of remove curse {unknown}
 i - a scroll of magic mapping {unknown}
 j - 3 scrolls of enchant weapon {unknown}
 k - a scroll of blinking {unknown}
 o - 4 scrolls of teleportation {unknown}
Potions
 a - 2 potions of heal wounds {unknown}
 e - 4 potions of haste {unknown}
 h - a potion of mutation
 l - a potion of cancellation {unknown}
 m - a potion of curing
 n - a potion of lignification {unknown}
 p - 2 potions of flight
 r - a potion of stabbing {unknown}
 t - a potion of might {unknown}
Comestibles
 b - 5 rations
 q - 3 chunks of flesh


   Skills:
 * Level 4.1 Fighting
 + Level 3.9 Polearms
 - Level 1.9 Dodging
 - Level 1.9 Stealth
 - Level 3.5 Spellcasting
 - Level 1.0 Transmutations
 + Level 5.2 Poison Magic


You had 12 spell levels left.
You knew the following spells:

 Your Spells              Type           Power        Failure   Level  Hunger
a - Sting                 Tmut/Pois      ##..         4%          1    None

Your spell library contained the following spells:

 Spells                   Type           Power        Failure   Level  Hunger
 Poisonous Vapours        Pois/Air       ##....       10%         2    ##.....
 Olgreb's Toxic Radiance  Pois           ###.....     21%         4    ####...
 Ignite Poison            Fire/Tmut/Pois #.......     22%         3    ###....
 Mephitic Cloud           Conj/Pois/Air  #.......     26%         3    ###....


Dungeon Overview and Level Annotations

Branches:
Dungeon (4/15)
 Temple: D:4-7

Altars:
Uskayaw

Shops:
D:4 (

Annotations:
D:4 Pikel


Innate Abilities, Weirdness & Mutations

You can spit globs of acid.
Your golden yellow scales are hard. (AC +6)
You cannot fit into any form of body armour.
You are cold-blooded and may be slowed by cold attacks.
You are resistant to acid. (rCorr)
Your large and strong wings let you fly indefinitely.
You have large cloven feet.


Message History

Pikel hits you with a +1 whip of freezing!
Pikel freezes you.
* * * LOW HITPOINT WARNING * * *
It was a potion of mutation.
You feel extremely strange.
Your wings grow larger and stronger.
Your feet thicken and deform.
You feel yourself speed up. The orc barely misses you.
Pikel hits you with a +1 whip of freezing.
* * * LOW HITPOINT WARNING * * *
You feel yourself slow down. Pikel freezes you.
* * * LOW HITPOINT WARNING * * *
The orc hits you with a +0 club.
* * * LOW HITPOINT WARNING * * *
Pikel closely misses you.
Some of the chunks of flesh in your inventory have rotted away.
It was a potion of flight.
You feel very buoyant.
You fly up into the air.
Pikel hits you with a +1 whip of freezing!
You die...

#. #.
###########################.
#>.......[..................
###############.#.#########.
#......................[
#.............##########
############..<.........
#..pK@o......#.#######
#.########...#.# #.# #.#.#.#
#.# #.#...# #### #p# #.#...#
#... #(# #.#...# #.##
.....o.....# #.#...#
...........# .#....
...........#


You could see Pikel, a slave and an orc.

Vanquished Creatures
  Grinder (D:3)
  3 slaves (D:4)
  A howler monkey (D:4)
  An orc priest (D:4)
  A gnoll shaman (D:4)
  An iguana (D:4)
  3 orc wizards (D:4)
  3 worker ants (D:4)
  Robin (D:4)
  5 gnolls (D:4)
  5 adders
  An ooze (D:4)
  A worm (D:3)
  A leopard gecko (D:2)
  8 orcs
  3 ball pythons
  A giant cockroach (D:2)
  14 goblins
  10 hobgoblins
  4 jackals (D:3)
  6 kobolds
  3 quokkas
  5 bats
  6 frilled lizards
  A leopard gecko skeleton (D:4)
  A quokka skeleton (D:4)
  5 rats
95 creatures vanquished.

Vanquished Creatures (others)
  A plant (D:1)
1 creature vanquished.

Grand Total: 96 creatures vanquished

Notes
Turn   | Place    | Note
-------+----------+-------------------------------------------
     0 | D:1      | Ceroxylon the Draconian Venom Mage began the quest for the
                  | Orb.
     0 | D:1      | Reached XP level 1. HP: 14/14 MP: 3/3
   201 | D:1      | Reached XP level 2. HP: 17/20 MP: 0/5
  1342 | D:2      | Reached skill level 1 in Fighting
  1342 | D:2      | Reached XP level 3. HP: 20/28 MP: 4/6
  2241 | D:2      | Reached skill level 1 in Polearms
  2517 | D:3      | Reached XP level 4. HP: 21/35 MP: 7/7
  2770 | D:3      | Noticed Grinder
  2832 | D:3      | Killed Grinder
  2832 | D:3      | Reached skill level 4 in Poison Magic
  2832 | D:3      | Reached XP level 5. HP: 15/42 MP: 4/10
  2832 | D:3      | Reached XP level 6. HP: 17/50 MP: 4/11
  3601 | D:3      | Found a hide-covered altar of Uskayaw.
  4143 | D:4      | Noticed Robin
  4177 | D:4      | Killed Robin
  4290 | D:4      | Found Dimirgh's Antique Weapon Emporium.
  4458 | D:4      | Noticed a slave
  4458 | D:4      | Noticed a slave
  4461 | D:4      | Noticed a slave
  4462 | D:4      | Noticed a slave
  4494 | D:4      | Killed a slave
  4539 | D:4      | Killed a slave
  4568 | D:4      | Killed a slave
  4708 | D:4      | Your scales start taking on a golden yellow colour.
  4708 | D:4      | Reached XP level 7. HP: 31/57 MP: 12/12
  4708 | D:4      | Gained mutation: You are resistant to acid. (rCorr) [Yellow
                  | Draconian growth]
  4744 | D:4      | Reached skill level 5 in Poison Magic
  5301 | D:4      | Noticed Pikel
  5318 | D:4      | Gained mutation: Your large and strong wings let you fly
                  | indefinitely. [potion of mutation]
  5318 | D:4      | Gained mutation: You have large cloven feet. [potion of
                  | mutation]
  5319 | D:4      | Slain by Pikel

Illustrated notes

Levels and vault maps discovered:
D:1:      minmay_arrival_cross, layout_loops_cross, serial_bayou,
          serial_bayou_lagoon_b, serial_bayou_ford_a, serial_bayou_shore_b,
          serial_bayou_pond_d, serial_park_tiny_2, chequers_big_river
D:2:      cheibrodos_helix_gallery, layout_loops_corners, first_ration,
          fountainhead
D:3:      layout_loops_ring, overflow_temple_1_default, uniq_grinder
D:4:      layout_basic, serial_shops, shop, uniq_robin, uniq_pikel

Skill      XL: |  1  2  3  4  5  6  7 |
---------------+----------------------+-----
Fighting       | 1 2 3 4 |  4.1
Polearms       | 1 2 3 |  3.9
Spellcasting   | 3 |  3.5
Poison Magic   | 4 5 |  5.2
Dodging        | |  1.9
Stealth        | |  1.9
Transmutations | |  1.0

Action                   |  1- 3 |  4- 6 |  7- 9 || total
-------------------------+-------+-------+-------++-------
Melee: Unarmed           |     2 |       |       ||     2
       Spear             |    71 |   187 |    71 ||   329
       Tailslap          |     9 |    16 |     5 ||    30
 Cast: Sting             |    30 |    57 |    19 ||   106
  Use: Potion            |       |       |     2 ||     2
 Stab: Sleeping          |     5 |       |       ||     5
  Eat: Ration            |     1 |       |       ||     1
       Chunk             |     2 |     7 |     2 ||    11
Armor: Skin              |    25 |    51 |    17 ||    93
Dodge: Dodged            |    36 |    83 |    33 ||   152
